 Dungeon Sprint DCSS version 0.30-a0-996-ga6910c8ee8 (webtiles) character file.

Game seed: 6701180246297820481

3763 DiggyJ the Brawler (level 9, -3/151 HPs)
             Began as a Troll Berserker on Apr 5, 2023.
             Was the Champion of Trog.
             Slain by Sonja
             ... wielding a +0 dagger of draining
              (4 damage)
             ... in the Dungeon (Sprint VII: "The Pits").
             The game lasted 00:04:47 (692 turns).

DiggyJ the Brawler (Troll Berserker)                 Turns: 692, Time: 00:04:48

Health: -3/151     AC:  7    Str: 31    XL:     9   Next: 94%
Magic:  8/8        EV: 13    Int:  6    God:    Trog [******]
Gold:   0          SH:  0    Dex:  9    Spells: 8/8 levels left

rFire   . . .      SeeInvis .      - Unarmed
rCold   . . .      Faith    .    (no shield)
rNeg    . . .      Spirit   .    a - +0 animal skin
rPois   .          Reflect  .    (helmet restricted)
rElec   .          Rampage  .    (no cloak)
rCorr   .          NoTele   +    (gloves unavailable)
Will    .....                    (boots unavailable) Stlth
                                 (no amulet)
HPRegen 1.25/turn                j - +3 ring of protection
MPRegen 0.11/turn                g - +3 ring of intelligence

@: berserking, lethally poisoned (-3 -> -5), slowed
A: large, unfitting armour, claws 3, regeneration 1, shaggy fur 1, tough skin 1,
evolution 1, sturdy frame 1
a: Renounce Religion, Berserk, Trog's Hand, Brothers in Arms


You were in the Dungeon.
You worshipped Trog.
Trog was exalted by your worship.
You visited 1 branch

Inventory:

Hand Weapons
 k - the +2 Maxwell's thermic engine {flame, freeze, rev}
   (Trog gifted it to you in the Dungeon)
Armour
 a - a +0 animal skin (worn)
Jewellery
 g - a +3 ring of intelligence (right claw)
 j - a +3 ring of protection (left claw)
Scrolls
 i - a scroll of butterflies
Potions
 b - 7 potions of curing
 c - 13 potions of heal wounds
 d - a potion of haste
 e - 4 potions of magic
 f - 3 potions of berserk rage
 h - 2 potions of invisibility


   Skills:
 + Level 9.9 Fighting
 + Level 11.2 Dodging
 + Level 1.0 Stealth
 + Level 15.8 Unarmed Combat


You had 8 spell levels left.
You didn't know any spells.
Your spell library was empty.

Dungeon Overview and Level Annotations

Branches:
Dungeon (1/1)

Altars:
Ashenzari
Cheibriados
Dithmenos
Elyvilon
Fedhas
Gozag
Hepliaklqana
Kikubaaqudgha
Makhleb
Nemelex Xobeh
Okawaru
Qazlal
Ru
Sif Muna
Trog
Uskayaw
Vehumet
Wu Jian
Xom
Yredelemnul
Zin
The Shining One
Jiyva
Lugonu

Annotations:
D Sonja


Innate Abilities, Weirdness & Mutations

You are too large for most types of armour.
You have claws for hands.
Your natural rate of healing is unusually fast.
You are covered in fur. (AC +1)
You have tough skin. (AC +1)
You have hidden genetic potential.
Your movements are slightly less encumbered by armour. (ER -2)


Message History

The vampire mosquito is heavily damaged.
You feel sick. The vampire mosquito misses you. Sonja barely misses you.
Sonja closely misses you.
Sonja hits you with a +0 dagger of draining.
* * * LOW HITPOINT WARNING * * *
You feel drained.
The vampire mosquito bites you but does no damage.
You completely miss Sonja.
You feel sick. Sonja hits you but does no damage.
You feel drained.
Sonja hits you with a +0 dagger of draining.
* * * LOW HITPOINT WARNING * * *
You feel drained.
* * * LOW HITPOINT WARNING * * *
Sonja closely misses you.
The vampire mosquito bites you but does no damage.
You miss Sonja.
You feel sick. The vampire mosquito bites you.
* * * LOW HITPOINT WARNING * * *
The vampire mosquito draws strength from your injuries!
Sonja mumbles some strange words.
Sonja blinks!
You feel sick.
The vampire mosquito bites you but does no damage.
Sonja throws a curare-tipped dart.
The curare-tipped dart hits you.
You are more poisoned.
You have difficulty breathing.
* * * LOW HITPOINT WARNING * * *
You feel as though you will be slow longer.
The vampire mosquito completely misses you.
Unknown command.
You mangle the vampire mosquito!!
You destroy the vampire mosquito!
Trog accepts your kill.
* * * LOW HITPOINT WARNING * * *
You feel sick.
Sonja throws a curare-tipped dart.
The curare-tipped dart misses you.
Your life force feels restored.
* * * LOW HITPOINT WARNING * * *
You feel very sick.
Sonja hits you with a +0 dagger of draining.
You die...

###....## #### #
##''## ###..+
###.)..###....#
##......#....#
##......'†...+
##......#....##
###....###....##+##
# ##++## ###..)...+
# ####§@K# #
#.......# #
#.........# #
###########


You could see Sonja.

Vanquished Creatures
  A vampire knight (D)
  Erica (D)
  A phantasmal warrior (D)
  A hellwing (D)
  Prince Ribbit (D)
  A small abomination (D)
  A wyvern (D)
  3 vampire mosquitoes (D)
  A floating eye (D)
  An ice beast (D)
  2 sky beasts (D)
  4 wolves (D)
  3 wights (D)
  An orc priest (D)
  An iron imp (D)
  3 adders (D)
  An ufetubus (D)
  An adder zombie (D)
  3 orcs (D)
  A bat (D)
  An endoplasm (D)
  A goblin (D)
  A hobgoblin (D)
  A frilled lizard (D)
  A giant cockroach zombie (D)
  2 kobolds (D)
  A rat (D)
40 creatures vanquished.

Notes
Turn   | Place    | Note
-------+----------+-------------------------------------------
     0 | D        | DiggyJ the Troll Berserker began the quest for the Orb.
     0 | D        | Reached XP level 1. HP: 22/22 MP: 0/0
    57 | D        | Found a bloodstained altar of Trog.
    57 | D        | Found a shimmering blue altar of Sif Muna.
    57 | D        | Found a viscous altar of Jiyva.
    57 | D        | Found a hazy altar of Hepliaklqana.
    57 | D        | Found an opulent altar of Gozag.
    58 | D        | Found a glowing golden altar of the Shining One.
    58 | D        | Found a glowing silver altar of Zin.
    58 | D        | Found a basalt altar of Yredelemnul.
    58 | D        | Found a shimmering altar of Xom.
    58 | D        | Found an ornate altar of the Wu Jian Council.
    58 | D        | Found a sacrificial altar of Ru.
    58 | D        | Found a stormy altar of Qazlal.
    58 | D        | Found an iron altar of Okawaru.
    58 | D        | Found a sparkling altar of Nemelex Xobeh.
    58 | D        | Found a burning altar of Makhleb.
    58 | D        | Found a blossoming altar of Fedhas.
    58 | D        | Found a white marble altar of Elyvilon.
    58 | D        | Found a shadowy altar of Dithmenos.
    58 | D        | Found a snail-covered altar of Cheibriados.
    61 | D        | Found a corrupted altar of Lugonu.
    61 | D        | Found a radiant altar of Vehumet.
    62 | D        | Found an ancient bone altar of Kikubaaqudgha.
    62 | D        | Found a hide-covered altar of Uskayaw.
    62 | D        | Found a broken altar of Ashenzari.
    85 | D        | Reached skill level 4 in Unarmed Combat
    85 | D        | Reached XP level 2. HP: 31/31 MP: 1/1
    85 | D        | Reached ** piety under Trog
   119 | D        | Noticed a floating eye
   124 | D        | Noticed an ice beast
   125 | D        | Paralysed by a floating eye for 3 turns
   129 | D        | Killed a floating eye
   129 | D        | Reached *** piety under Trog
   130 | D        | Reached skill level 5 in Fighting
   130 | D        | Reached skill level 5 in Dodging
   130 | D        | Reached skill level 6 in Unarmed Combat
   130 | D        | Reached XP level 3. HP: 42/42 MP: 2/2
   130 | D        | Reached XP level 4. HP: 50/50 MP: 3/3
   133 | D        | Killed an ice beast
   134 | D        | Reached skill level 7 in Unarmed Combat
   134 | D        | Reached XP level 5. HP: 56/59 MP: 4/4
   201 | D        | Noticed Prince Ribbit
   202 | D        | Noticed a wolf
   208 | D        | Reached skill level 8 in Unarmed Combat
   211 | D        | Killed a wolf
   211 | D        | Reached **** piety under Trog
   212 | D        | Reached XP level 6. HP: 59/68 MP: 5/5
   218 | D        | Killed Prince Ribbit
   219 | D        | Reached skill level 9 in Unarmed Combat
   219 | D        | Reached XP level 7. HP: 49/78 MP: 6/6
   219 | D        | Reached ***** piety under Trog
   220 | D        | Received a gift from Trog
   272 | D        | Reached skill level 10 in Unarmed Combat
   292 | D        | Reached skill level 11 in Unarmed Combat
   329 | D        | Noticed a wyvern
   329 | D        | Noticed a vampire knight
   335 | D        | Killed a wyvern
   341 | D        | Killed a vampire knight
   342 | D        | Reached skill level 13 in Unarmed Combat
   342 | D        | Reached XP level 8. HP: 10/91 MP: 7/7
   439 | D        | Gained mutation: You occasionally shout uncontrollably at
                  | your foes. [potion of mutation]
   440 | D        | Lost mutation: You occasionally shout uncontrollably at
                  | your foes. [potion of mutation]
   440 | D        | Gained mutation: You have hidden genetic potential. [potion
                  | of mutation]
   530 | D        | Noticed Erica
   530 | D        | Noticed a phantasmal warrior
   538 | D        | Killed Erica
   538 | D        | Received a gift from Trog
   538 | D        | Found the +2 Maxwell's thermic engine {flame, freeze, rev}
   539 | D        | Reached skill level 10 in Dodging
   539 | D        | Reached skill level 14 in Unarmed Combat
   539 | D        | Reached XP level 9. HP: 76/98 MP: 8/8
   543 | D        | Killed a phantasmal warrior
   545 | D        | Reached ****** piety under Trog
   562 | D        | Gained mutation: Your movements are slightly less
                  | encumbered by armour. (ER -2) [hidden potential]
   601 | D        | Noticed a hellwing
   607 | D        | Killed a hellwing
   608 | D        | Reached skill level 15 in Unarmed Combat
   669 | D        | Noticed Sonja
   678 | D        | Received a gift from Trog
   679 | D        | Reached skill level 1 in Stealth
   690 | D        | HP: 4/142 [asphyx]
   692 | D        | HP: 1/151 [poisoned by Sonja (curare-tipped dart)]
   692 | D        | Slain by Sonja

Illustrated notes

Levels and vault maps discovered:
D:        pitsprint [storerooms_1, entrance_room_1, metal_vault_2, armoury_1,
          mini_pit_1, grid_room_1, main_hall_1, silver_pit, the_coven_1,
          the_vestibule_1, steel_vault_4, golden_pit, hallway_of_sentries,
          crystal_vault_1, iron_vault_1, final_vault]

Skill      XL: |  1  2  3  4  5  6  7  8  9 |
---------------+----------------------------+-----
Fighting       | 3 5 6 7 8 9 |  9.9
Dodging        | 3 5 6 7 9 10 11 | 11.2
Unarmed Combat | 4 6 7 8 9 13 14 15 | 15.8
Stealth        | 1 |  1.0

Action                     |  1- 3 |  4- 6 |  7- 9 || total
---------------------------+-------+-------+-------++-------
  Melee: Unarmed           |    20 |    19 |    69 ||   108
         Punch             |       |       |     8 ||     8
 Invoke: Berserk           |     1 |     1 |     5 ||     7
    Use: Scroll            |       |     1 |       ||     1
         Potion            |       |       |     4 ||     4
 Armour: Animal skin       |     7 |    13 |    21 ||    41
  Dodge: Dodged            |    21 |    19 |    40 ||    80

Table legend: (Time is in decaauts)
 A = Elapsed time spent in this place.
 B = Non-inter-level travel time spent in this place.
 C = Inter-level travel time spent in this place.
 D = Time resting spent in this place.
 E = Time spent auto-exploring this place.
 F = Levels seen in this place.
 G = Mean time per level.
                   A        B        C        D        E       F      G
               +--------+--------+--------+--------+--------+-----+--------+
         Total |    720 |    675 |     45 |    227 |      0 |   1 |  720.0 |
       Dungeon |    720 |    675 |     45 |    227 |      0 |   1 |  720.0 |
               +--------+--------+--------+--------+--------+-----+--------+

Top non-repeatable levels by time:
       D: 720 daAuts
